AoeStats
← beneath mariana

QS Arena

503340314Analyzed
4v4 RM · 1mo ago on Aug 31, 2026· 40m 21s· 8 players
Game mode
Random Map
Map size
Large (8 player)
Population
200
Speed
Normal
Resources
Standard
Victory
Conquest
Starting age
Dark Age
Ending age
Imperial Age
RankedLock teamsTeams togetherTeam positionsShared explorationLock speedFull tech treeHidden civsTurbo modeCheats
Victory
Defeat
🇦🇷 Dravidians · Argentina
1484
+12
🇫🇷 Koreans · France
1428
+14
🇵🇪 Spanish · Peru
1379
+17
🇲🇽 Celts · Mexico
1189
+24
🇨🇳 Slavs · China
1468
-20
🇧🇷 Japanese · Brazil
1398
-17
🇮🇳 Persians · India
1363
-16
🇦🇺 Vietnamese · Australia
1337
-14
Vu_PY
8:00 Feudal Age
11:34 Castle Age
9:42 Double-Bit Axe
10:02 Horse Collar
13:22 Bow Saw
20:17 Wheelbarrow
22:12 Gold Mining
22:25 Heavy Plow
22:33 Stone Mining
24:38 Gold Shaft Mining
27:01 Imperial Age
25:03 Scale Barding Armor
25:10 Bloodlines
25:01 Husbandry
24:54 Loom
25:32 Forging
26:08 Chain Barding Armor
26:58 Stone Shaft Mining
26:49 Cavalier
27:52 Conscription
28:16 Plate Barding Armor
28:51 Hand Cart
28:58 Fletching
29:09 Padded Archer Armor
30:10 Chemistry
29:38 Bodkin Arrow
30:13 Kamandaran
31:14 Masonry
31:25 Ballistics
31:48 Hoardings
30:41 Crossbowman
32:22 Thumb Ring
32:41 Leather Archer Armor
33:41 Iron Casting
33:36 Savar
34:48 Ring Archer Armor
34:51 Architecture
36:17 Blast Furnace
37:16 Caravan
37:26 Capped Ram
38:29 Light Cavalry
Casualstone
8:10 Feudal Age
11:50 Castle Age
9:57 Double-Bit Axe
9:58 Horse Collar
17:02 Wheelbarrow
16:44 Bow Saw
20:43 Gold Mining
20:55 Heavy Plow
21:04 Stone Mining
22:59 Hand Cart
24:10 Stone Shaft Mining
27:41 Imperial Age
25:54 Forging
25:33 Town Watch
25:33 Loom
26:44 Scale Mail Armor
27:20 Iron Casting
27:16 Squires
27:02 Arson
27:47 Elite Fire Lancer
28:44 Chain Mail Armor
28:55 Paper Money
30:03 Two-Man Saw
29:37 Crop Rotation
29:23 Onager
30:46 Plate Mail Armor
33:21 Chemistry
33:12 Pikeman
34:17 Halberdier
37:08 Siege Engineers
37:14 Fortified Wall
37:13 Siege Engineers
beneath mariana
8:06 Feudal Age
11:55 Castle Age
10:07 Double-Bit Axe
10:37 Horse Collar
11:57 Scale Barding Armor
16:33 Husbandry
16:26 Loom
21:46 Bloodlines
22:27 Wheelbarrow
22:29 Forging
22:51 Gold Mining
23:16 Bow Saw
23:23 Heavy Plow
24:43 Hand Cart
28:47 Fletching
逆·风
9:18 Feudal Age
9:56 Double-Bit Axe
13:03 Castle Age
11:17 Stone Mining
11:59 Horse Collar
12:50 Loom
14:59 Heavy Plow
18:24 Fletching
32:01 Town Watch
34:13 Ballistics
36:04 Bodkin Arrow
37:15 Wheelbarrow
38:13 Masonry
38:11 Squires
CTM | FullChow
6:45 Loom
9:13 Feudal Age
13:04 Castle Age
11:27 Double-Bit Axe
11:26 Horse Collar
12:37 Gold Mining
14:20 Bow Saw
14:12 Heavy Plow
14:56 Gold Shaft Mining
18:09 Scale Mail Armor
21:45 Pikeman
26:27 Chain Mail Armor
26:22 Forging
29:11 Wheelbarrow
35:51 Imperial Age
33:40 Hand Cart
35:57 Halberdier
35:59 Capped Ram
38:38 Plate Mail Armor
38:19 Forging
38:54 Siege Ram
Le Miel Jospin
8:31 Feudal Age
12:02 Castle Age
10:34 Double-Bit Axe
10:46 Horse Collar
13:05 Bow Saw
16:40 Heavy Plow
18:04 Wheelbarrow
21:39 Hand Cart
21:22 Gold Mining
21:23 Stone Mining
22:39 Loom
26:01 Imperial Age
24:03 Scale Mail Armor
24:13 Forging
24:22 Gambesons
24:39 Squires
24:29 Loom
25:20 Chain Mail Armor
25:35 Forging
26:06 Fletching
27:57 Chemistry
27:29 Plate Mail Armor
27:35 Iron Casting
28:00 Iron Casting
27:39 Bodkin Arrow
28:53 Ballistics
28:43 Masonry
28:22 Elite Fire Lancer
30:56 Bracer
30:43 Arrowslits
33:19 Shinkichon
33:58 Architecture
33:36 Treadmill Crane
34:28 Siege Engineers
36:19 Treadmill Crane
36:35 Murder Holes
CTM | Pentrus
2:35 Loom
7:52 Feudal Age
11:37 Castle Age
10:06 Double-Bit Axe
10:51 Horse Collar
18:50 Padded Archer Armor
20:15 Leather Archer Armor
22:43 Bloodlines
23:55 Husbandry
29:19 Wheelbarrow
31:33 Bow Saw
35:37 Imperial Age
38:42 Ring Archer Armor
37:45 Elite Conquistador
40:20 Heavy Plow
Chim cu đi tắm
7:47 Feudal Age
12:03 Castle Age
10:11 Double-Bit Axe
10:20 Horse Collar
13:05 Bow Saw
13:00 Heavy Plow
21:02 Wheelbarrow
20:19 Loom
20:21 Town Watch
26:18 Imperial Age
24:15 Squires
23:36 Pikeman
25:17 Scale Mail Armor
25:28 Forging
25:10 Gold Mining
26:31 Chain Mail Armor
27:22 Conscription
28:06 Two-Man Saw
27:28 Hand Cart
28:13 Iron Casting
27:00 Halberdier
30:31 Plate Mail Armor
31:02 Blast Furnace
30:34 Elite Urumi Swordsman
31:36 Wootz Steel
31:33 Arson
31:33 Gambesons
31:29 Onager
35:16 Fletching
35:27 Padded Archer Armor
35:49 Ballistics
36:30 Chemistry
36:41 Bodkin Arrow
37:02 Leather Archer Armor
37:01 Masonry
36:15 Elite Elephant Archer
37:26 Thumb Ring
37:40 Bracer
39:15 Ring Archer Armor
38:54 Siege Elephant
Connection lost

Rejoining the realm…

Still unreachable

The connection could not be restored.

Session expired

The server has moved on; the page needs a fresh start.